 Dungeon Crawl Stone Soup version 0.24.0-123-gd5b16e6ec5 (webtiles) character file.

Game seed: 1057186598166870407, levelgen mode: deterministic

85064 brucemayne the Severer (level 15, -3/154 HPs)
             Began as a Hill Orc Monk on Jan 25, 2020.
             Was a High Priest of the Shining One.
             Hit by a silver javelin thrown by a merfolk javelineer (5 damage)
             ... on level 4 of the Shoals.
             The game lasted 01:01:59 (10856 turns).

brucemayne the Severer (Hill Orc Monk)             Turns: 10856, Time: 01:02:00

Health: -3/154     AC: 21    Str: 26    XL:     15   Next: 82%
Magic:  0/26       EV: 11    Int: 10    God:    the Shining One [*****.]
Gold:   1667       SH: 17    Dex: 13    Spells: 14/14 levels left

rFire    . . .     SeeInvis +   U - +4 war axe (freeze)
rCold    + . .     Gourm    .   C - +0 buckler
rNeg     + + .     Faith    .   R - +0 plate armour
rPois    +         Spirit   +   (helmet restricted)
rElec    .         Reflect  .   K - scarf {Spirit}
rCorr    .         Harm     .   t - +2 pair of gloves "Kefuv" {+Blink SInv}
MR       +....                  w - +0 pair of boots
Stlth    ..........             e - amulet of regeneration
HPRegen  0.75/turn              b - ring of poison resistance
MPRegen  0.20/turn              Y - +3 ring of strength

@: divine shield, mesmerised, glowing, studying Fighting
A: horns 2, rugged brown scales 1, thin metallic scales 1, cold resistance 1,
strong 1
a: Divine Shield, Cleansing Flame, Summon Divine Warrior, Renounce Religion,
Evoke Blink


You were on level 4 of the Shoals.
You worshipped the Shining One.
The Shining One was extremely pleased with you.
You were not hungry.

You visited 5 branches of the dungeon, and saw 25 of its levels.
You visited 1 bazaar.
You also visited: Ossuary, Bailey and Gauntlet.

You collected 1844 gold pieces.
You spent 177 gold pieces at shops.

Inventory:

Hand Weapons
 a - a +4 morningstar
 L - a +5 war axe
 N - a cursed +3 battleaxe
 Q - a +3 battleaxe
 T - a +6 demon trident of venom
 U - a +4 war axe of freezing (weapon)
 W - a +0 falchion of flaming
Missiles
 g - 3 throwing nets
 x - 21 javelins (quivered)
Armour
 t - the +2 pair of gloves "Kefuv" (worn) {+Blink SInv}
   (You found it in a Gauntlet)

   It lets you see invisible.
   It lets you blink.
 u - a +1 shield of positive energy
 w - a +0 pair of boots (worn)
 B - a +1 shield of protection
 C - a +0 buckler (worn)
 F - the +0 ring mail of Snakes and Ladders {MR+, unknown}
   (You found it in a Gauntlet)

   It affects your resistance to hostile enchantments.
 J - +0 acid dragon scales
 K - a scarf of spirit shield (worn)
 M - a +2 pair of gloves
 R - a +0 plate armour (worn)
Jewellery
 b - a ring of poison resistance (left hand)
 e - an amulet of regeneration (around neck)
 p - an uncursed ring of wizardry
 O - a +5 amulet of reflection
 Y - a +3 ring of strength (right hand)
 Z - an uncursed ring of resist corrosion
Wands
 o - a wand of paralysis (35)
 G - a wand of disintegration (17)
 S - a wand of acid (4)
 V - a wand of iceblast (21)
 X - a wand of flame (23)
Scrolls
 h - 8 scrolls of remove curse
 i - 6 scrolls of enchant weapon
 j - 5 scrolls of amnesia
 k - 11 scrolls of identify
 m - a scroll of enchant armour
 s - 5 scrolls of fog
 z - 2 scrolls of teleportation
 D - 2 scrolls of blinking
Potions
 d - 3 potions of lignification
 f - a potion of flight
 n - 3 potions of curing
 q - 5 potions of magic
 r - a potion of agility
 v - a potion of haste {unknown}
 A - a potion of cancellation {unknown}
 E - 2 potions of might
 I - a potion of berserk rage {unknown}
 P - 2 potions of ambrosia
Books
 y - a manual of Fighting
Comestibles
 c - 22 rations


   Skills:
 - Level 18.4 Fighting
 - Level 18.7 Axes
 - Level 8.9 Armour
 - Level 7.3 Dodging
 - Level 1.5 Stealth
 - Level 4.0 Shields
 - Level 15.7 Invocations
 + Level 7.1 Evocations


You had 14 spell levels left.
You didn't know any spells.
Your spell library contained the following spells:

 Spells                   Type           Power        Failure   Level  Hunger
 Flame Tongue             Conj/Fire      #....        98%         1    ##.....
 Freeze                   Ice            #...         98%         1    ##.....
 Infusion                 Chrm           #...         98%         1    ##.....
 Magic Dart               Conj           #...         98%         1    ##.....
 Sting                    Conj/Pois      #...         98%         1    ##.....
 Summon Butterflies       Summ           #.......     98%         1    ##.....
 Corpse Rot               Necr           N/A          99%         2    ###....
 Poisonous Vapours        Pois/Air       #.....       99%         2    ###....
 Searing Ray              Conj           #.....       99%         2    ###....
 Shroud of Golubria       Chrm/Tloc      #.....       99%         2    ###....
 Song of Slaying          Chrm           #.......     99%         2    ###....
 Sticks to Snakes         Tmut           #.......     99%         2    ###....
 Throw Flame              Conj/Fire      #.....       99%         2    ###....
 Throw Frost              Conj/Ice       #.....       99%         2    ###....
 Call Canine Familiar     Summ           #.......     100%        3    ####...
 Conjure Flame            Conj/Fire      #.......     100%        3    ####...
 Dazzling Spray           Conj/Hex       #.....       100%        3    ####...
 Inner Flame              Hex/Fire       #.......     100%        3    ####...
 Mephitic Cloud           Conj/Pois/Air  #.......     100%        3    ####...
 Ozocubu's Armour         Chrm/Ice       #.......     100%        3    ####...
 Regeneration             Chrm/Necr      #.........   100%        3    ####...
 Spectral Weapon          Hex/Chrm       #.......     100%        3    ####...
 Vampiric Draining        Necr           #.........   100%        3    ####...
 Force Lance              Conj/Tloc      #.......     100%        4    #####..
 Fulminant Prism          Conj/Hex       #.........   100%        4    #####..
 Ice Form                 Ice/Tmut       #.......     100%        4    #####..
 Iskenderun's Mystic Bla  Conj           #.......     100%        4    #####..
 Olgreb's Toxic Radiance  Pois           #.......     100%        4    #####..
 Petrify                  Tmut/Erth      #.......     100%        4    #####..
 Sticky Flame             Conj/Fire      #.......     100%        4    #####..
 Summon Ice Beast         Ice/Summ       #.......     100%        4    #####..
 Throw Icicle             Conj/Ice       #.......     100%        4    #####..
 Bolt of Draining         Conj/Necr      #.........   100%        5    ######.
 Fireball                 Conj/Fire      #.........   100%        5    ######.
 Irradiate                Conj/Tmut      #.........   100%        5    ######.
 Summon Mana Viper        Hex/Summ       #.......     100%        5    ######.
 Venom Bolt               Conj/Pois      #.........   100%        5    ######.
 Hydra Form               Tmut           #.........   100%        6    #######
 Statue Form              Tmut/Erth      #........    100%        6    #######
 Dragon Form              Tmut           #.........   100%        7    #######
 Summon Hydra             Summ           #.........   100%        7    #######


Dungeon Overview and Level Annotations

Branches:
Dungeon (12/15)            Temple (1/1) D:5            Lair (6/6) D:8
 Shoals (4/4) Lair:4        Snake (0/4) Lair:2        Slime (0/5) Lair:6
    Orc (2/2) D:10            Elf (0/3) Orc:2       Ossuary (visited)
 Bailey (visited)         Gauntlet (visited)

Altars:
Ashenzari
Cheibriados
Dithmenos
Elyvilon
Fedhas
Gozag
Hepliaklqana
Kikubaaqudgha
Nemelex Xobeh
Okawaru
Qazlal
Ru
Sif Muna
Trog
Uskayaw
Vehumet
Xom
Yredelemnul
Zin
The Shining One

Shops:
D:5 !(*((   D:9 =   Orc:2 (((}

Annotations:
D:8 1 runed translucent door, salade2fruit's ghost, novice OpFE
D:11 Gastronok
Lair:5 3 runed translucent doors, Gytoprich's ghost, journeyman BaTm; Zodoin's ghost, journeyman MiFi


Innate Abilities, Weirdness & Mutations

You have a pair of horns on your head.
You are partially covered in rugged brown scales. (AC +1, +3% HP)
You are partially covered in thin metallic scales. (AC +2)
Your flesh is cold resistant. (rC+)
Your muscles are strong. (Str +2)


Message History

Unknown command.
Unknown command.
Unknown command.
Unknown command.
Your plate armour prevents you from hitting the merfolk javelineer.
You headbutt the merfolk javelineer!
The merfolk javelineer is almost dead.
The merfolk javelineer throws a silver javelin.
The silver javelin pierces through you!
* * * LOW HITPOINT WARNING * * *
The silver sears you!
* * * LOW HITPOINT WARNING * * *
The merfolk avatar chants its luring song.
You closely miss the merfolk javelineer.
The merfolk javelineer is almost dead.
The merfolk javelineer throws a silver javelin.
The silver javelin pierces through you!!
* * * LOW HITPOINT WARNING * * *
The silver sears you!
You die...

.≈≈≈≈≈≈≈≈≈≈≈≈≈≈≈≈≈......≈≈≈≈≈≈≈≈
≈≈≈≈≈≈≈≈≈≈≈≈≈≈≈≈≈≈......≈..≈≈≈≈≈
≈≈≈≈≈≈≈≈≈≈≈≈≈≈#####.^..##..≈≈≈≈≈≈
≈≈≈≈≈≈≈≈≈≈≈≈≈##≈≈≈##...##..≈≈≈≈≈≈
≈≈≈≈≈≈#≈≈≈≈≈#...(..≈≈≈≈≈≈≈
≈≈≈≈≈≈#≈≈φ≈≈#......≈≈≈≈≈≈≈
≈≈≈≈≈≈#≈≈≈≈≈#..≈...≈≈≈≈≈..
≈≈≈≈≈≈##m))##.......≈≈≈...
≈≈≈≈≈.##@##≈......≈≈≈....
≈≈≈≈.m.A..≈........≈≈....
≈≈≈≈.....................
≈≈≈≈.....................
≈≈≈≈..............)...<..
≈≈≈≈......(..............
≈≈≈...(.(.....(..........
≈≈≈.......≈≈≈..##'##.....
≈≈≈≈......≈≈≈≈##.).##....


You could see a merfolk avatar, a merfolk javelineer and a friendly angel.

Vanquished Creatures
  Jorgrun (Orc:1)
  An orc warlord (Orc:2)
  A merfolk javelineer (Shoals:4)
  A fire dragon (Lair:6)
  Snorg (Orc:1)
  3 merfolk impalers (Shoals:4)
  Erolcha (Orc:2)
  Josephine (D:10)
  3 hydras
  5 merfolk avatars
  Erica (D:8)
  2 centaur warriors
  3 merfolk aquamancers (Shoals:4)
  2 two-headed ogres
  Nergalle (D:11)
  A sixfirhy (Gauntlet)
  4 sea snakes
  An unseen horror (D:11)
  3 lindwurms (Lair:6)
  A swamp dragon (Lair:6)
  4 orc knights
  A faun (Shoals:1)
  5 manticores
  An orc sorcerer (Orc:2)
  14 elephants
  3 cyclopes
  4 water nymphs
  2 black mambas
  4 merfolk sirens
  8 spiny frogs
  Psyche (D:8)
  3 torpor snails (Lair:6)
  5 rime drakes
  8 komodo dragons
  3 trolls
  7 merfolk
  Grinder (D:5)
  3 wind drakes
  A polar bear (Lair:4)
  6 hornets (Lair:6)
  30 blink frogs
  A tyrant leech (Lair:6)
  3 snapping turtles
  8 hippogriffs
  21 dream sheep
  5 flying skulls (Gauntlet)
  24 yaks
  3 wyverns
  A water elemental (Shoals:4)
  4 wraiths (D:10)
  3 basilisks
  Eustachio (D:5)
  A steam dragon (D:7)
  2 hungry ghosts (D:10)
  2 acid dragons (Lair:6)
  2 wargs (Orc:2)
  11 water moccasins
  3 porcupines
  A swamp drake (Lair:6)
  An ice beast (D:10)
  28 orc warriors
  3 sky beasts
  2 necrophages
  A phantom (D:10)
  13 centaurs
  10 ogres
  12 crocodiles
  5 big kobolds
  An elf zombie (Ossuary)
  A gnoll sergeant (D:7)
  7 bullfrogs
  A scorpion (D:7)
  18 wights
  2 crimson imps
  4 centaur zombies
  5 jellies
  A gnoll shaman (D:5)
  3 human zombies
  8 orc priests
  2 hounds (D:10)
  7 orc wizards
  A bullfrog skeleton (D:10)
  2 centaur skeletons
  A human skeleton (D:8)
  2 iguanas
  4 worker ants
  An ogre zombie (Ossuary)
  2 hound skeletons
  6 mummies (Ossuary)
  2 worker ant zombies
  16 gnolls
  9 adders
  2 howler monkey skeletons
  A shadow imp (D:8)
  4 ufetubi (Gauntlet)
  4 oozes
  A worm (D:3)
  4 dart slugs
  3 leopard geckos
  61 orcs
  2 ball pythons
  6 bats
  6 giant cockroaches
  6 goblins
  11 hobgoblins
  9 jackals
  5 quokkas
  4 frilled lizards
  2 goblin zombies (Ossuary)
  3 hobgoblin zombies (Ossuary)
  22 kobolds
  2 kobold zombies (Ossuary)
  A leopard gecko skeleton (D:7)
  An orc skeleton (D:8)
  3 orc zombies (D:8)
  A quokka skeleton (D:6)
  A quokka zombie (Ossuary)
  9 rats
  2 rat zombies (Ossuary)
  4 fungi
  6 plants (Lair:6)
614 creatures vanquished.

Vanquished Creatures (collateral kills)
  A minotaur (Gauntlet)
  2 merfolk impalers (Shoals:4)
  A fire dragon (Lair:6)
  A great orb of eyes (Gauntlet)
  A hydra (Lair:6)
  2 merfolk aquamancers (Shoals:4)
  A sea snake (Shoals:4)
  A manticore (Shoals:4)
  2 ugly things (Gauntlet)
  A water nymph (Shoals:4)
  2 torpor snails (Lair:6)
  A rime drake (Lair:6)
  A komodo dragon (Lair:6)
  2 tyrant leeches (Lair:6)
  A hornet (Lair:6)
  A merfolk (Shoals:4)
  A snapping turtle (Shoals:4)
  A basilisk (Lair:6)
  A warg (Orc:2)
  An orc warrior (Orc:2)
  A jelly (Lair:6)
  An orc wizard (Orc:2)
  2 orcs (Orc:2)
  A plant (Lair:6)
30 creatures vanquished.

Vanquished Creatures (others)
  A hippogriff (Lair:6)
  A crocodile (Lair:6)
  14 demonic plants (Gauntlet)
  2 fungi
  7 plants
  2 withered plants
27 creatures vanquished.

Grand Total: 671 creatures vanquished

Notes
Turn   | Place    | Note
-------+----------+-------------------------------------------
     0 | D:1      | brucemayne the Hill Orc Monk began the quest for the Orb.
     0 | D:1      | Reached XP level 1. HP: 19/19 MP: 1/1
   206 | D:1      | Reached XP level 2. HP: 26/26 MP: 2/2
   409 | D:1      | Reached skill level 5 in Axes
   700 | D:1      | Reached XP level 3. HP: 31/31 MP: 3/3
   936 | D:2      | Reached XP level 4. HP: 39/39 MP: 4/4
  1165 | D:3      | Found a shadowy altar of Dithmenos.
  1180 | D:3      | Reached XP level 5. HP: 45/45 MP: 5/5
  1449 | D:2      | Found a blossoming altar of Fedhas.
  1602 | D:4      | You fall into a shaft and drop 3 floors!
  1752 | D:6      | Noticed an ice beast
  1812 | D:6      | Found a stormy altar of Qazlal.
  1840 | D:6      | Found a blossoming altar of Fedhas.
  1897 | D:7      | Reached XP level 6. HP: 47/51 MP: 6/6
  1932 | D:5      | Entered Level 5 of the Dungeon
  1932 | D:5      | Found Koumifel's Weapon Boutique.
  1935 | D:5      | Found a staircase to the Ecumenical Temple.
  1946 | Temple   | Entered the Ecumenical Temple
  1987 | Temple   | Became a worshipper of the Shining One
  1987 | Temple   | Reached * piety under the Shining One
  1987 | Temple   | Reached ** piety under the Shining One
  2275 | D:5      | Found Ydghi Hae's Weapon Shop.
  2372 | D:5      | Noticed Eustachio
  2424 | D:5      | Killed Eustachio
  2424 | D:5      | Reached XP level 7. HP: 57/57 MP: 7/7
  2455 | D:5      | Found Kibuel's Assorted Antiques.
  2490 | D:5      | Found Gistrouro's Weapon Emporium.
  2630 | D:5      | Reached skill level 10 in Axes
  2665 | D:5      | Found Roaletue's Distillery.
  2665 | D:5      | Noticed Grinder
  2692 | D:5      | Killed Grinder
  2692 | D:5      | Reached XP level 8. HP: 64/64 MP: 5/8
  2699 | D:5      | Bought a potion of heal wounds for 70 gold pieces
  2751 | D:5      | Bought a +0 war axe of freezing for 107 gold pieces
  3028 | D:8      | Reached *** piety under the Shining One
  3064 | D:8      | Found a runed translucent door.
  3068 | D:8      | Noticed salade2fruit's ghost (novice OpFE)
  3121 | D:8      | Reached XP level 9. HP: 69/71 MP: 7/9
  3179 | D:8      | Found a staircase to the Lair.
  3232 | D:8      | Found a sand-covered staircase.
  3255 | Ossuary  | Entered an ossuary
  3273 | Ossuary  | Reached **** piety under the Shining One
  3341 | Ossuary  | Reached skill level 5 in Fighting
  3519 | D:8      | Found a flagged portal.
  3524 | Bailey   | Entered a bailey
  3524 | Bailey   | Noticed an orc knight
  3526 | Bailey   | Noticed an orc knight
  3537 | Bailey   | HP: 1/75 [orc warrior/+0 halberd (16)]
  3599 | D:8      | Noticed Psyche
  3639 | D:8      | Killed Psyche
  3912 | D:7      | Reached XP level 10. HP: 88/88 MP: 10/10
  3914 | D:7      | Reached skill level 15 in Axes
  4054 | D:7      | Reached ***** piety under the Shining One
  4167 | D:9      | Noticed Erica
  4169 | D:9      | Noticed a centaur warrior
  4181 | D:8      | Killed Erica
  4229 | D:9      | Found Wuroikoe's Jewellery Emporium.
  4270 | D:9      | You fall into a shaft and drop 2 floors!
  4270 | D:11     | Noticed Gastronok
  4270 | D:11     | Noticed a green ugly thing
  4298 | D:11     | Reached skill level 1 in Invocations
  4338 | D:11     | Noticed a two-headed ogre
  4359 | D:11     | Killed a two-headed ogre
  4359 | D:11     | Reached skill level 5 in Invocations
  4465 | D:11     | Noticed Nergalle
  4468 | D:11     | Noticed an unseen horror
  4480 | D:11     | Killed an unseen horror
  4503 | D:11     | Killed Nergalle
  4527 | D:10     | Entered Level 10 of the Dungeon
  4550 | D:10     | Reached skill level 10 in Fighting
  4554 | D:10     | Reached skill level 1 in Armour
  4694 | D:9      | Reached XP level 11. HP: 100/100 MP: 14/14
  4856 | D:9      | Killed a centaur warrior
  4928 | D:9      | Noticed a three-headed hydra
  4932 | D:9      | Killed a one-headed hydra
  4932 | D:9      | Reached skill level 5 in Armour
  4957 | D:9      | Noticed a two-headed ogre
  4969 | D:9      | Killed a two-headed ogre
  5231 | D:10     | Noticed Josephine
  5249 | D:10     | Killed Josephine
  5269 | D:10     | Found a staircase to the Orcish Mines.
  5380 | Orc:1    | Entered Level 1 of the Orcish Mines
  5380 | Orc:1    | Noticed Jorgrun
  5384 | Orc:1    | Noticed Snorg
  5434 | D:10     | Gained mutation: You possess an exceptional clarity of
                  | mind. [potion of mutation]
  5434 | D:10     | Gained mutation: You are partially covered in slimy green
                  | scales. (AC +2) [potion of mutation]
  5435 | D:10     | Lost mutation: You are partially covered in slimy green
                  | scales. (AC +2) [potion of mutation]
  5435 | D:10     | Lost mutation: You possess an exceptional clarity of mind.
                  | [potion of mutation]
  5435 | D:10     | Gained mutation: Your muscles are strong. (Str +2) [potion
                  | of mutation]
  5435 | D:10     | Gained mutation: You are partially covered in yellow
                  | scales. (AC +2) [potion of mutation]
  5435 | D:10     | Gained mutation: You are agile. (Dex +2) [potion of
                  | mutation]
  5436 | D:10     | Lost mutation: You are agile. (Dex +2) [potion of mutation]
  5436 | D:10     | Gained mutation: You have a pair of small horns on your
                  | head. [potion of mutation]
  5436 | D:10     | Gained mutation: Armour fits poorly on your strangely
                  | shaped body. [potion of mutation]
  5436 | D:10     | Gained mutation: You have a pair of horns on your head.
                  | [potion of mutation]
  5437 | D:10     | Lost mutation: You are partially covered in yellow scales.
                  | (AC +2) [potion of mutation]
  5437 | D:10     | Lost mutation: Armour fits poorly on your strangely shaped
                  | body. [potion of mutation]
  5437 | D:10     | Gained mutation: You are partially covered in rugged brown
                  | scales. (AC +1, +3% HP) [potion of mutation]
  5437 | D:10     | Gained mutation: You are partially covered in thin metallic
                  | scales. (AC +2) [potion of mutation]
  5437 | D:10     | Gained mutation: Your flesh is cold resistant. (rC+)
                  | [potion of mutation]
  5450 | Orc:1    | Killed Jorgrun
  5450 | Orc:1    | Reached XP level 12. HP: 77/118 MP: 7/15
  5452 | Orc:1    | Killed Snorg
  5523 | Orc:2    | Entered Level 2 of the Orcish Mines
  5529 | Orc:2    | Noticed an orc warlord
  5555 | Orc:2    | Killed an orc warlord
  5657 | Orc:2    | Found a radiant altar of Vehumet.
  5771 | Orc:2    | Found a flickering gateway to a bazaar.
  5791 | Orc:2    | Found a staircase to the Elven Halls.
  5878 | Orc:2    | Noticed a centaur warrior
  5898 | Orc:2    | Killed a centaur warrior
  5907 | Bazaar   | Entered a bazaar
  5921 | Bazaar   | Found Pyaniur's Antique Armour Emporium.
  5921 | Bazaar   | Found Uqan Qeli's Gadget Shoppe.
  5936 | Bazaar   | Found Goyvedu's Magic Scroll Emporium.
  5936 | Bazaar   | Found Ihesey's General Store.
  5957 | Bazaar   | Found Hehy's Antique Armour Emporium.
  5957 | Bazaar   | Found Susi's Food Shoppe.
  5978 | Bazaar   | Found Qytuid's Food Emporium.
  6112 | Orc:2    | Reached skill level 10 in Invocations
  6391 | Orc:2    | Found Puqom's Weapon Shoppe.
  6391 | Orc:2    | Found Yfekaurph's Weapon Shop.
  6393 | Orc:2    | Found Toysoqil's Weapon Boutique.
  6395 | Orc:2    | Found Kivanleq's Gadget Emporium.
  6485 | Orc:2    | Reached XP level 13. HP: 45/125 MP: 8/22
  6676 | Orc:1    | Noticed Erolcha
  6686 | Orc:2    | Killed Erolcha
  7069 | Lair:1   | Entered Level 1 of the Lair of Beasts
  7389 | Lair:3   | Reached skill level 15 in Invocations
  7479 | Lair:4   | Found a staircase to the Shoals.
  7771 | Lair:5   | Found a runed translucent gate.
  7771 | Lair:5   | Found a runed translucent gate.
  7771 | Lair:5   | Found a runed translucent gate.
  7771 | Lair:5   | Noticed Gytoprich's ghost (journeyman BaTm)
  7772 | Lair:5   | Noticed Zodoin's ghost (journeyman MiFi)
  7880 | Lair:5   | You fall into a shaft and drop 1 floor!
  7880 | Lair:6   | Entered Level 6 of the Lair of Beasts
  7888 | Lair:6   | Reached skill level 5 in Dodging
  7973 | Lair:5   | Reached XP level 14. HP: 113/132 MP: 23/25
  7979 | Lair:5   | Found a gate leading to a gauntlet.
  7988 | Gauntlet | Entered a Gauntlet
  7988 | Gauntlet | Found a transporter.
  7996 | Gauntlet | Found a transporter.
  7998 | Gauntlet | Found a transporter.
  8011 | Gauntlet | Found a transporter.
  8012 | Gauntlet | Found the +0 Maxwell's etheric cage {RegenMP+ *Contam rElec
                  | MP+4}
  8020 | Gauntlet | Found a transporter.
  8022 | Gauntlet | Found a large runed translucent door.
  8022 | Gauntlet | Found a large runed translucent door.
  8023 | Gauntlet | Found a large runed translucent door.
  8023 | Gauntlet | Found a large runed translucent door.
  8024 | Gauntlet | Found a large runed translucent door.
  8024 | Gauntlet | Found a large runed translucent door.
  8024 | Gauntlet | Found a runed translucent door.
  8024 | Gauntlet | Found a runed translucent door.
  8024 | Gauntlet | Found a large runed translucent door.
  8025 | Gauntlet | Found a transporter.
  8025 | Gauntlet | Found a large runed translucent door.
  8025 | Gauntlet | Found a large runed translucent door.
  8042 | Gauntlet | Found a transporter.
  8055 | Gauntlet | Found a large runed translucent door.
  8056 | Gauntlet | Found a large runed translucent door.
  8057 | Gauntlet | Found a large runed translucent door.
  8058 | Gauntlet | Found a runed translucent gate.
  8059 | Gauntlet | Found a transporter.
  8059 | Gauntlet | Found a runed translucent gate.
  8060 | Gauntlet | Found a runed translucent gate.
  8061 | Gauntlet | Found a large runed translucent door.
  8062 | Gauntlet | Found the ring of Shadows {Umbra +Inv Stlth+}
  8062 | Gauntlet | Found a large runed translucent door.
  8063 | Gauntlet | Found a large runed translucent door.
  8071 | Gauntlet | Found a transporter.
  8083 | Gauntlet | Found a transporter.
  8085 | Gauntlet | Reached ****** piety under the Shining One
  8095 | Gauntlet | Found a transporter.
  8107 | Gauntlet | Found a transporter.
  8107 | Gauntlet | Noticed an entropy weaver
  8124 | Gauntlet | Found a transporter.
  8141 | Gauntlet | Found a transporter.
  8143 | Gauntlet | Found a transporter.
  8189 | Gauntlet | Found a transporter.
  8190 | Gauntlet | Found a transporter.
  8209 | Gauntlet | Found a transporter.
  8225 | Gauntlet | Found a large runed translucent door.
  8302 | Gauntlet | Got a pair of encrusted gloves
  8315 | Gauntlet | Identified the +2 pair of gloves "Kefuv" {+Blink SInv} (You
                  | found it in a Gauntlet)
  8385 | Gauntlet | Identified the Reference Book on Transformation
  8390 | Gauntlet | Got an encrusted ring mail
  8711 | Lair:6   | Reached skill level 15 in Fighting
  9058 | Lair:6   | Found a staircase to the Slime Pits.
  9124 | Lair:6   | Found a runed translucent door.
  9298 | Lair:6   | Identified the Papyrus of Snow and Stolen Souls
  9596 | Lair:4   | Reached XP level 15. HP: 144/150 MP: 26/26
  9780 | Lair:2   | Found a staircase to the Snake Pit.
  9884 | Shoals:1 | Entered Level 1 of the Shoals
 10328 | Shoals:4 | Entered Level 4 of the Shoals
 10331 | Shoals:4 | Reached skill level 1 in Evocations
 10722 | Shoals:4 | Reached skill level 5 in Evocations
 10853 | Shoals:4 | HP: 7/154 [merfolk javelineer/silver javelin (2)]
 10856 | Shoals:4 | HP: 2/154 [merfolk javelineer/silver javelin (19)]
 10856 | Shoals:4 | Hit by a silver javelin thrown by a merfolk javelineer

Levels and vault maps discovered:
D:1:      wander_arrival_fairy_ring, layout_basic, serial_bayou_lagoon_a,
          hex_large
D:2:      lemuel_upstairs_altar, layout_rooms, minmay_pentomino_pile
D:3:      layout_rooms, lemuel_crystal_altar, first_ration,
          nicolae_dithmenos_shadow_blocks
D:4:      layout_rooms
D:5:      layout_basic, minmay_temple_entry_stoned_glass, serial_shops, shop,
          shop, kennysheep_mini_moat, shop, shop, uniq_grinder, uniq_eustachio
D:6:      layout_basic, grunt_temple_overflow_forces_of_nature
D:7:      layout_basic
D:8:      layout_basic, kennysheep_mini, lair_entry_dummy,
          nicolae_ossuary_entry_catacombs, gammafunk_ghost_grave,
          enter_bailey_3, uniq_psyche
D:9:      layout_small_grid, serial_shops, shop, hangedman_ranch
          [blue_anna_fruit_fields], serial_bayou_pond_b, uniq_erica
D:10:     layout_gridville, david_orc_2, uniq_josephine
D:11:     layout_big_octagon, uniq_nergalle, uniq_gastronok
D:12:     minmay_bubble_buster, layout_long_grid, uniq_fannar, uniq_kirke
Temple:   compressed_dpeg_circular_temple
Lair:1:   layout_roguey, minmay_holes, infiniplex_staircase_pool_2, uniq_grum,
          uniq_urug
Lair:2:   layout_regular_city, dummy_snake_entry, grunt_megastairs_4
Lair:3:   layout_misc_corridors, lemuel_fruit_tree
Lair:4:   layout_regular_city, minmay_shoals_entry_beasts
Lair:5:   layout_regular_city, gammafunk_ghost_cemetery, gauntlet_entry_generic,
          serial_bayou_shore_b, serial_bayou_shore_b
Lair:6:   guppyfry_lair_end_dragon, layout_regular_city, wormcave,
          nicolae_slime_entry_slimehenge
Shoals:1: layout_shoals
Shoals:2: layout_shoals, nicolae_shoals_isolated_beach, uniq_ilsuiw,
          uniq_polyphemus
Shoals:3: layout_shoals
Shoals:4: shoals_end_simple, layout_shoals
Orc:1:    layout_caves, uniq_snorg, uniq_jorgrun, uniq_erolcha
Orc:2:    st_orc_rangers, layout_diamond_mine, basic_altar, serial_shops,
          bzr_entry_dummy

Skill      XL: |  1  2  3  4  5  6  7  8  9 10 11 12 13 14 15 |
---------------+----------------------------------------------+-----
Axes           | 5 6 7 8 9 11 13 14 16 17 18 | 18.7
Shields        | 3 4 |  4.0
Fighting       | 4 7 10 13 16 18 | 18.4
Invocations    | 5 12 15 | 15.7
Armour         | 2 8 |  8.9
Dodging        | 5 7 |  7.3
Evocations     | 7 |  7.1
Stealth        | |  1.5

Action                   |  1- 3 |  4- 6 |  7- 9 | 10-12 | 13-15 || total
-------------------------+-------+-------+-------+-------+-------++-------
Melee: Hand axe          |   104 |   255 |    79 |       |       ||   438
       War axe           |       |       |   262 |   446 |   777 ||  1485
       Falchion          |       |       |       |     5 |    18 ||    23
       Headbutt          |       |       |       |    39 |   170 ||   209
Invok: Divine Shield     |       |       |     7 |    14 |    16 ||    37
       Summon Divine War |       |       |       |     1 |     7 ||     8
 Abil: Evoke Blink       |       |       |       |       |     1 ||     1
Evoke: Wand              |       |       |       |       |     2 ||     2
  Use: Scroll            |       |    11 |     2 |    12 |     6 ||    31
       Potion            |       |     1 |       |     7 |     7 ||    15
 Stab: Sleeping          |     5 |       |       |       |       ||     5
  Eat: Chunk             |       |     3 |       |       |     3 ||     6
       Ration            |       |     1 |     2 |     3 |     5 ||    11
Armor: Robe              |    12 |       |       |       |       ||    12
       Ring mail         |    21 |    75 |    63 |    98 |       ||   257
       Skin              |       |     3 |       |       |       ||     3
       Plate armour      |       |       |       |    32 |   383 ||   415
Dodge: Dodged            |    66 |   118 |   115 |   140 |   233 ||   672
Block: Buckler           |       |     5 |    98 |   181 |   351 ||   635
       Rpst.: Falchion   |       |       |       |       |     2 ||     2
